 Dungeon Crawl Stone Soup version 0.29.1-1-gd02db6906a (webtiles) character file.

Game seed: 18201889345739554012

21 Orsonium the Ducker (level 3, -2/23 HPs)
             Began as a Kobold Monk on Sept 21, 2022.
             Killed by a bolt of acid (25 damage)
             ... invoked by the enmity of Fedhas Madash
             ... on level 1 of the Dungeon.
             The game lasted 00:04:29 (1803 turns).

Orsonium the Ducker (Kobold Monk)                   Turns: 1803, Time: 00:04:29

Health: -2/23      AC:  3    Str: 16    XL:     3   Next: 2%
Magic:  3/3        EV: 16    Int: 11    God:
Gold:   62         SH:  0    Dex: 17    Spells: 2/2 levels left

rFire   . . .      SeeInvis .   a - +0 hand axe
rCold   . . .      Faith    .   (no shield)
rNeg    . . .      Spirit   .   b - +0 robe
rPois   .          Reflect  .   (no helmet)
rElec   .          Harm     .   (no cloak)
rCorr   .          Rampage  .   (no gloves)
Will    .....                   d - +0 pair of boots
Stlth   +++.......              (no amulet)
HPRegen 0.07/turn               i - +6 ring of strength
MPRegen 0.08/turn               (no ring)

@: no status effects
A: small, no large weapons, nightstalker 3
a: no special abilities


You were on level 1 of the Dungeon.
You visited 1 branch of the dungeon, and saw 1 of its levels.

You collected 62 gold pieces.

Inventory:

Hand Weapons
 a - a +0 hand axe (weapon)
Armour
 b - a +0 robe (worn)
 d - a +0 pair of boots (worn)
Jewellery
 i - a +6 ring of strength (left hand)
Scrolls
 e - a scroll of vulnerability {unknown}
 g - a scroll of identify {unknown}
 h - a scroll of acquirement {unknown}
 j - a scroll of blinking {unknown}
Potions
 c - a potion of ambrosia
 f - a potion of degeneration {unknown}
 k - a potion of attraction {unknown}
 l - a potion of magic {unknown}


   Skills:
 + Level 3.5 Fighting
 + Level 2.7 Axes
 + Level 4.0 Dodging
 + Level 3.1 Stealth


You had 2 spell levels left.
You didn't know any spells.
Your spell library contained the following spells:

 Spells                   Type           Power      Damage    Failure   Level
 Conjure Flame            Conj/Fire      0%         6-21      71%         3
 Ignite Poison            Fire/Tmut/Pois 0%         N/A       71%         3
 Sticky Flame             Conj/Fire      0%         2d3       98%         4


Dungeon Overview and Level Annotations

Branches:
Dungeon (1/15)

Altars:
Fedhas


Innate Abilities, Weirdness & Mutations

You are small and have problems with some larger weapons.
You are completely attuned to the shadows.


Message History

You now have 51 gold pieces (gained 17).
j - a scroll labelled AMOFOJ OTEI You now have 62 gold pieces (gained 11).
Found 7 stones.
k - a fizzy cyan potion
There are no items here.
Things that are here:
a +0 dagger; 5 stones
There is a shaft here.
Things that are here:
a +0 dagger; 5 stones You see here a stone.
l - a pink potion A bat comes into view.
A bat is nearby!
The helpless bat fails to defend itself.
You hit the bat.
The bat is heavily wounded.
The bat misses you. x2
You hit the bat.
You kill the bat!
You start waiting.
Done waiting.
A quokka comes into view.
The helpless quokka fails to defend itself.
You slash the quokka!
You kill the quokka!
A hobgoblin comes into view.
The helpless hobgoblin fails to defend itself.
You hit the hobgoblin.
You kill the hobgoblin!
You have reached level 3!
Your experience leads to an increase in your attributes!
Your base attributes are Str 8, Int 11, Dex 17.
Increase (S)trength, (I)ntelligence, or (D)exterity?
You feel stronger. x2
Fedhas invokes nature against you. The bolt of acid hits you!!
Ouch! That really hurt!
You die...

##.####...#....#...###
#....#.#.##.#.#.###
####.....##...#.#
######..#.....#.#.#
..............+.#.#
##............#...#
#..........#....##
#......##..###..#
#######.##...##.@#####
.....##.##...........#
#.......####....####.#
#.##............# #.#
#.##.#######^#..####.#
#.##.# #.#.>.....#
..##.# #.#######.#
####.# #.# #.# ### #.#
#.#


You could see the enmity of Fedhas Madash (unaware).

Vanquished Creatures
  A worm (D:1)
  4 endoplasms (D:1)
  A giant cockroach (D:1)
  A hobgoblin (D:1)
  A quokka (D:1)
  2 ball pythons (D:1)
  2 bats (D:1)
  2 frilled lizards (D:1)
  2 kobolds (D:1)
  2 rats (D:1)
18 creatures vanquished.

Notes
Turn   | Place    | Note
-------+----------+-------------------------------------------
     0 | D:1      | Orsonium the Kobold Monk began the quest for the Orb.
     0 | D:1      | Reached XP level 1. HP: 14/14 MP: 1/1
    68 | D:1      | Found a faded altar of an unknown god.
    77 | D:1      | Prayed at the altar of an unknown god.
    77 | D:1      | Became a worshipper of Fedhas Madash
    77 | D:1      | Reached * piety under Fedhas
    77 | D:1      | Reached ** piety under Fedhas
   238 | D:1      | Fell from the grace of Fedhas
   405 | D:1      | Reached XP level 2. HP: 11/19 MP: 2/2
  1021 | D:1      | Reached skill level 4 in Dodging
  1798 | D:1      | Reached XP level 3. HP: 23/23 MP: 3/3
  1803 | D:1      | Killed by a bolt of acid

Illustrated notes

Levels and vault maps discovered:
D:1:      dpeg_arrival_round_a, layout_basic,
          shapermc_ecumenical_altar_starsandcircs, nicolae_wormholes

Skill      XL: |  1  2 |
---------------+-------+-----
Stealth        | 3 |  3.1
Dodging        | 4 |  4.0
Fighting       | |  3.5
Axes           | |  2.7

Action                   || total
-------------------------++-------
Melee: Hand axe          ||    54
       Punch             ||     1
Invok: Renounce Religion ||     1
 Stab: Sleeping          ||     9
Armor: Robe              ||     7
Dodge: Dodged            ||    40
